 Dungeon Crawl Stone Soup version 0.28-a0-779-g3d1f99b579 (webtiles) character file.

Game seed: 7891219036602260664

1423 cheechan the Cutter (level 8, -2/73 (74) HPs)
             Began as a Naga Fighter on Nov 2, 2021.
             Slain by a wyvern zombie (7 damage)
             ... on level 6 of the Dungeon.
             The game lasted 00:22:25 (5662 turns).

cheechan the Cutter (Naga Fighter)                  Turns: 5662, Time: 00:22:26

HP:   -2/73 (74)    AC:  9    Str: 21    XL:     8   Next: 72%
MP:   17/17         EV:  6    Int: 11    God:
Gold: 205           SH:  9    Dex: 10    Spells: 7/7 levels left

rFire   . . .      SeeInvis +   G - +0 long sword "Midwu" {venom, Int+2}
rCold   . . .      Faith    .   B - +1 kite shield
rNeg    . . .      Spirit   .   b - +0 scale mail
rPois   +          Reflect  .   s - +0 helmet
rElec   .          Harm     .   (no cloak)
rCorr   .          Rampage  .   u - +0 pair of gloves
Will    +....      Clarity  +   (no barding)
Stlth   +.........              (no amulet)
HPRegen 0.22/turn               d - ring of magical power
MPRegen 0.15/turn               v - ring of flight

@: flying, lightly drained, very slow
A: AC +2, large, see invisible, deformed body, poison resistance, slowness 2,
spit poison 1, naga tail 1, clarity, wild magic 2
a: Spit Poison


You were on level 6 of the Dungeon.
You visited 1 branch of the dungeon, and saw 9 of its levels.

You collected 205 gold pieces.

Inventory:

Hand Weapons
 a - a +0 hand crossbow
 h - a +2 short sword of protection
 j - a +1 dagger of venom
 A - a +0 shortbow
 C - a +0 trident of venom
 G - the +0 long sword "Midwu" (weapon) {venom, Int+2}
   (You found it on level 9 of the Dungeon)

   It poisons the flesh of those it strikes.
   Int:       It affects your intelligence (+2).
Missiles
 e - 73 arrows
 f - 56 sling bullets
 i - 71 bolts
 z - 17 poisoned darts
Armour
 b - a +0 scale mail (worn)
 c - a +1 buckler
 s - a +0 helmet (worn)
 u - a +0 pair of gloves (worn)
 B - a +1 kite shield (worn)
Jewellery
 d - a ring of magical power (left hand)
 n - an amulet of reflection
 v - a ring of flight (right hand)
 w - a ring of magical power
Wands
 t - a wand of flame (24)
 x - a wand of digging (5)
Scrolls
 q - a scroll of silence
Potions
 g - 3 potions of brilliance
 m - 2 potions of magic
 r - 2 potions of flight


   Skills:
 + Level 5.3 Fighting
 + Level 5.4(5.9) Short Blades
 + Level 3.3(4.8) Long Blades
 + Level 4.9 Armour
 + Level 2.2 Dodging
 + Level 3.0 Stealth
 + Level 3.4 Shields
 + Level 0.4 Evocations


You had 7 spell levels left.
You didn't know any spells.
Your spell library contained the following spells:

 Spells                   Type           Power      Damage    Failure   Level
 Animate Skeleton         Necr           0%         N/A       99%         1
 Pain                     Necr           0%         1d4       99%         1
 Poisonous Vapours        Pois/Air       0%         N/A       100%        2
 Gell's Gravitas          Tloc           0%         N/A       100%        3
 Teleport Other           Tloc           0%         N/A       100%        3
 Airstrike                Air            0%         N/A       100%        4
 Summon Lightning Spire   Summ/Air       0%         N/A       100%        4
 Agony                    Necr           0%         N/A       100%        5
 Excruciating Wounds      Necr           0%         N/A       100%        5
 Lightning Bolt           Conj/Air       0%         1d11      100%        5
 Dispersal                Tloc           0%         N/A       100%        6
 Death's Door             Necr           0%         N/A       100%        9


Dungeon Overview and Level Annotations

Branches:
Dungeon (9/15)
 Temple: D:4-7         Lair: D:8-11         Orc: D:9-12

Altars:
Cheibriados
Kikubaaqudgha
Trog
Uskayaw


Innate Abilities, Weirdness & Mutations

Your serpentine skin is tough. (AC +2)
You have supernaturally acute eyesight. (SInv)
Armour fits poorly on your strangely shaped body.
Your system is resistant to poisons. (rPois)
You cover ground very slowly.
You can spit poison.
You have a snake-like lower body.
You possess an exceptional clarity of mind.
Your spells are harder to cast, but more powerful.


Message History

You block the wyvern zombie's attack. The wyvern zombie barely misses you.
Aiming: Charm
Press: ? - help, Q - select action, (/) - cycle Shift-Dir - straight line, f/p - wyvern zombie
Aim: a wyvern zombie (lightly damaged, chance to affect: 59%)
The wyvern zombie resists with significant effort.
The wyvern zombie barely misses you.
Aiming: Charm
Press: ? - help, Q - select action, (/) - cycle Shift-Dir - straight line, f/p - wyvern zombie
Aim: a wyvern zombie (lightly damaged, chance to affect: 59%)
The wyvern zombie resists with significant effort.
The wyvern zombie bites you but does no damage.
Aiming: Charm
Press: ? - help, Q - select action, (/) - cycle Shift-Dir - straight line, f/p - wyvern zombie
Aim: a wyvern zombie (lightly damaged, chance to affect: 59%)
The wyvern zombie is charmed.
The now-empty wand crumbles to dust.
As you read the scroll of identify, it crumbles to dust.
l - a potion of degeneration Drop what? 28/52 slots (_ for help) (? for menu, Esc to quit)
You drop a potion of degeneration.
You drop a scroll of vulnerability.
You start removing your armour.
You continue taking off your +1 buckler. x4
You finish taking off your +1 buckler.
You start putting on your armour.
You continue putting on your +0 kite shield. x5
You finish putting on your +0 kite shield.
As you read the scroll of enchant armour, it crumbles to dust.
Your +0 kite shield glows green for a moment.
You start resting.
The wyvern zombie is no longer charmed.
The wyvern zombie bites you!
* * * LOW HITPOINT WARNING * * *
The wyvern zombie bites you.
* * * LOW HITPOINT WARNING * * *
You hit the wyvern zombie but do no damage.
The wyvern zombie is lightly damaged.
You block the wyvern zombie's attack.
You hit the wyvern zombie.
The wyvern zombie is moderately damaged.
The wyvern zombie bites you!
You die...

###. ###...##
###......#
##........##
......$....#
#..........##
#.....8.....#
#..........##
#.....@Z....#
##........#.#
#...# #......###.#
#...#
##...###...## ...#
#.###......# #..#
###........###..#
#...........# ..##
##..........###..#
#.....8.....##..##


You could see a wyvern zombie.

Vanquished Creatures
  Edmund (D:4)
  An orc warrior (D:3)
  2 sky beasts
  A hornet zombie (D:9)
  2 centaurs (D:8)
  A bullfrog (D:8)
  3 wights (D:7)
  A gnoll shaman (D:9)
  2 iguanas
  2 jellies (D:2)
  2 orc priests (D:7)
  3 orc wizards
  A howler monkey zombie (D:9)
  Robin (D:4)
  5 gnolls
  8 adders
  A shadow imp (D:7)
  2 adder skeletons (D:4)
  2 worms (D:3)
  2 dart slugs
  11 orcs
  4 bats
  15 endoplasms
  3 giant cockroaches
  10 hobgoblins
  14 jackals
  2 quokkas
  7 ball pythons
  4 frilled lizards
  10 goblins
  12 kobolds
  A rat (D:2)
136 creatures vanquished.

Vanquished Creatures (collateral kills)
  A wight (D:7)
1 creature vanquished.

Vanquished Creatures (others)
  A wizard (D:4)
  3 fungi (D:2)
  6 toadstools (D:2)
10 creatures vanquished.

Grand Total: 147 creatures vanquished

Notes
Turn   | Place    | Note
-------+----------+-------------------------------------------
     0 | D:1      | cheechan the Naga Fighter began the quest for the Orb.
     0 | D:1      | Reached XP level 1. HP: 21/21 MP: 1/1
   338 | D:1      | Reached XP level 2. HP: 12/28 MP: 2/2
   667 | D:2      | Reached XP level 3. HP: 29/34 MP: 3/3
   705 | D:2      | Reached skill level 1 in Short Blades
   998 | D:2      | Reached skill level 1 in Stealth
   998 | D:2      | Reached XP level 4. HP: 34/42 MP: 4/4
  1007 | D:2      | Found a faded altar of an unknown god.
  1034 | D:2      | HP: 2/42 [iguana (7)]
  1288 | D:2      | Reached XP level 5. HP: 22/49 MP: 5/5
  1706 | D:3      | Found a snail-covered altar of Cheibriados.
  2109 | D:4      | Noticed an orc warrior
  2122 | D:3      | Reached XP level 6. HP: 11/57 MP: 6/6
  2154 | D:3      | Killed an orc warrior
  2155 | D:3      | Reached skill level 1 in Dodging
  2524 | D:4      | Noticed Robin
  2563 | D:4      | Killed Robin
  2736 | D:4      | Found a hide-covered altar of Uskayaw.
  2862 | D:4      | Noticed Edmund
  2911 | D:4      | Killed Edmund
  2912 | D:4      | Reached XP level 7. HP: 19/64 MP: 7/7
  3277 | D:4      | Found a bloodstained altar of Trog.
  3279 | D:4      | Noticed a wizard
  3284 | D:4      | Killed a wizard
  3588 | D:5      | Entered Level 5 of the Dungeon
  3598 | D:5      | You are sucked into a shaft and drop 3 floors!
  4137 | D:9      | Reached skill level 5 in Short Blades
  4373 | D:9      | Identified the +0 long sword "Midwu" {venom, Int+2}
  4409 | D:9      | Reached XP level 8. HP: 47/73 MP: 8/8
  5279 | D:7      | Found an ancient bone altar of Kikubaaqudgha.
  5296 | D:7      | Reached skill level 5 in Fighting
  5310 | D:7      | HP: 1/69 [wight (6)]
  5413 | D:7      | Got the Handbook of Nocuous Dark Magic
  5428 | D:7      | Gained mutation: You are frail. (-10% HP) [potion of
                  | mutation]
  5428 | D:7      | Gained mutation: Your spells are a little harder to cast,
                  | but a little more powerful. [potion of mutation]
  5428 | D:7      | Gained mutation: Your spells are harder to cast, but more
                  | powerful. [potion of mutation]
  5428 | D:7      | Gained mutation: You possess an exceptional clarity of
                  | mind. [potion of mutation]
  5429 | D:7      | Lost mutation: You are frail. (-10% HP) [potion of
                  | mutation]
  5662 | D:6      | Slain by a wyvern zombie

Illustrated notes

Levels and vault maps discovered:
D:1:      dpeg_arrival_court, layout_basic
D:2:      cheibrodos_fertilizer, layout_basic,
          shapermc_ecumenical_altar_totnotflames, lightli_corner_chamber
D:3:      layout_basic, cheibrodos_worm_habitat, kennysheep_generic_room_15
D:4:      layout_basic, trog_wizard, nicolae_uskayaw_suspiria, glass_columns_b,
          moated_statue, uniq_edmund, uniq_robin
D:5:      layout_layer_cave, grunt_qazlal_sundering, minmay_temple_entry_tees,
          uniq_eustachio
D:6:      minmay_skewed_foursquare, layout_basic, demons_altar
D:7:      layout_rooms, kiku_gazebo_pond_becter, mainiacjoe_overflow_brackets,
          lemuel_round_altar, uniq_crazy_yiuf_cottage, uniq_menkaure
D:8:      layout_rooms, erik_lair_dragon
D:9:      minmay_statue_hallways, layout_long_grid,
          gammafunk_temple_overflow_pools, orc_0_dummy, serial_shops, shop,
          chequers_serial_rivers_micro_e, minmay_alternating_orb

Skill      XL: |  1  2  3  4  5  6  7  8 |
---------------+-------------------------+-----
Short Blades   | 1 2 3 4 5 |  5.4
Stealth        | 1 2 3 |  3.0
Armour         | 3 4 |  4.9
Dodging        | 1 2 |  2.2
Fighting       | 4 5 |  5.3
Shields        | 3 |  3.4
Long Blades    | 3 |  3.3
Evocations     | |  0.4

Action                   |  1- 3 |  4- 6 |  7- 9 || total
-------------------------+-------+-------+-------++-------
Melee: Long sword        |    17 |       |   106 ||   123
       Short sword       |    56 |   272 |   138 ||   466
 Abil: Spit Poison       |     6 |    13 |    13 ||    32
Evoke: Wand              |       |       |    22 ||    22
  Use: Scroll            |     2 |     7 |     8 ||    17
       Potion            |       |     5 |     6 ||    11
Armor: Scale mail        |   105 |   151 |   114 ||   370
       Skin              |       |    10 |    17 ||    27
Dodge: Dodged            |    59 |   108 |   104 ||   271
Block: Buckler           |    25 |    55 |    77 ||   157
       Kite shield       |       |       |     1 ||     1

Table legend: (Time is in decaauts)
 A = Elapsed time spent in this place.
 B = Non-inter-level travel time spent in this place.
 C = Inter-level travel time spent in this place.
 D = Time resting spent in this place.
 E = Time spent auto-exploring this place.
 F = Levels seen in this place.
 G = Mean time per level.
                   A        B        C        D        E       F      G
               +--------+--------+--------+--------+--------+-----+--------+
         Total |   6980 |   6975 |      5 |   1545 |      0 |   9 |  775.6 |
       Dungeon |   6980 |   6975 |      5 |   1545 |      0 |   9 |  775.6 |
               +--------+--------+--------+--------+--------+-----+--------+

Top non-repeatable levels by time:
     D:4: 1532 daAuts
     D:3: 1255 daAuts
     D:2: 1010 daAuts
     D:1: 906 daAuts
     D:7: 821 daAuts
     D:9: 693 daAuts
     D:8: 619 daAuts
     D:6: 128 daAuts
     D:5: 13 daAuts
